 Dungeon Crawl Stone Soup version 0.22.1-1-ga44c0e56f4 (webtiles) character file.

1981 rebmob the Cleaver (level 9, -1/83 HPs)
             Began as a Hill Orc Fighter on Nov 9, 2018.
             Was an Initiate of Okawaru.
             Slain by Pray4Patrick's ghost (22 damage)
             ... on level 6 of the Dungeon.
             The game lasted 00:15:42 (6139 turns).

rebmob the Cleaver (Hill Orc Fighter)               Turns: 6139, Time: 00:15:43

Health: -1/83      AC:  8    Str: 22    XL:     9   Next: 20%
Magic:  9/9        EV:  8    Int: 11    God:    Okawaru [......]
Gold:   94         SH: 10    Dex: 10    Spells: 8/8 levels left

rFire    . . .     SeeInvis .   u - +2 war axe (chop)
rCold    . . .     Gourm    .   c - +0 shield
rNeg     . . .     Faith    .   b - +0 scale mail
rPois    .         Spirit   .   (no helmet)
rElec    .         Reflect  .   (no cloak)
rCorr    .         Harm     .   j - +0 pair of gloves
MR       .....                  (no boots)
Stlth    ..........             (no amulet)
HPRegen  0.23/turn              x - +3 ring of intelligence
MPRegen  0.11/turn              (no ring)

@: no status effects
A: no striking features
a: Renounce Religion


You were on level 6 of the Dungeon.
You worshipped Okawaru.
Okawaru was noncommittal.
You were not hungry.

You visited 2 branches of the dungeon, and saw 7 of its levels.

You collected 250 gold pieces.
You spent 156 gold pieces at shops.

Inventory:

Hand Weapons
 u - a +2 war axe of chopping (weapon)
 y - a +2 trident of flaming
Armour
 b - a +0 scale mail (worn)
 c - a +0 shield (worn)
 d - the +1 leather armour of Melancholy {rElec rF+ Slay-4}
   (You found it on level 5 of the Dungeon)

   It affects your accuracy and damage with ranged weapons and melee attacks
   (-4).
   It protects you from fire.
   It insulates you from electricity.
 g - a +0 large shield
 j - a +0 pair of gloves (worn)
Jewellery
 x - a +3 ring of intelligence (left hand)
Wands
 B - a wand of paralysis (12)
Scrolls
 e - 5 scrolls of remove curse
 i - 8 scrolls of identify {unknown}
 k - 3 scrolls of teleportation {unknown}
 l - 3 scrolls of magic mapping {unknown}
 p - 2 scrolls of enchant weapon {unknown}
 r - a scroll of immolation {unknown}
 s - a scroll of fog {unknown}
 t - 3 scrolls of amnesia {unknown}
 z - a scroll of random uselessness {unknown}
 A - a scroll of fear {unknown}
 D - a scroll of noise {unknown}
Potions
 a - a potion of heal wounds {unknown}
 h - 3 potions of curing
 m - 2 potions of mutation {unknown}
 n - 2 potions of lignification {unknown}
 o - 3 potions of haste
 q - a potion of berserk rage {unknown}
 v - 2 potions of brilliance {unknown}
 w - a potion of flight {unknown}
 C - a potion of ambrosia {unknown}
Comestibles
 f - 14 rations


   Skills:
 * Level 9.0 Fighting
 * Level 9.2 Axes
 + Level 6.1 Armour
 + Level 6.1 Shields


You had 8 spell levels left.
You didn't know any spells.
Your spell library contained the following spells:

 Spells                   Type           Power        Failure   Level  Hunger
 Confusing Touch          Hex            #.....       95%         1    ##.....
 Confuse                  Hex            #.......     100%        3    ####...
 Gell's Gravitas          Tloc           #.........   100%        3    ####...
 Petrify                  Tmut/Erth      #.......     100%        4    #####..
 Metabolic Englaciation   Hex/Ice        #.........   100%        5    ######.
 Yara's Violent Unravell  Hex/Tmut       #.........   100%        5    ######.


Dungeon Overview and Level Annotations

Branches:
Dungeon (6/15)             Temple (1/1) D:6

Altars:
Fedhas
Okawaru
Qazlal
Trog
Uskayaw
Xom
Zin

Shops:
D:4 !

Annotations:
D:6 Pray4Patrick's ghost, novice TrFi


Message History

You closely miss Pray4Patrick's ghost.
Pray4Patrick's ghost is moderately damaged.
Pray4Patrick's ghost hits you!
You slash Pray4Patrick's ghost!
Pray4Patrick's ghost is heavily damaged.
You block Pray4Patrick's ghost's attack.
You barely miss Pray4Patrick's ghost.
Pray4Patrick's ghost is heavily damaged.
Pray4Patrick's ghost hits you but does no damage.
You closely miss Pray4Patrick's ghost.
Pray4Patrick's ghost is heavily damaged.
Pray4Patrick's ghost hits you! Pray4Patrick's ghost hits you!!
* * * LOW HITPOINT WARNING * * *
You closely miss Pray4Patrick's ghost.
Pray4Patrick's ghost is heavily damaged.
Pray4Patrick's ghost hits you but does no damage.
You hit Pray4Patrick's ghost.
Pray4Patrick's ghost is heavily damaged.
Pray4Patrick's ghost hits you!!
You die...

###.###.#.##..# #.# #.#
#.........##..# #.# #.#
....###.####..# #.# #.#
###.###.# #..#
#.#########.# # #.....#
#..# #............
###.##..####..#
#############
.......(....>.######
..............##...##
###.##.#####..#.@...#
#.##.# #..##W##.# #.##.#
#..#.$.#.# #### #.##.#
#.##.8.#.###### #...
#.##.#####.#######.....#
#.##
#.##..........###.####.#
#.# #.##...............#
#.#####.##
###.##.##.###...###..#
#.#.(.)... #......##.#
##.## #..# #.#.###.##


You could see Pray4Patrick's ghost.

Vanquished Creatures
  Grinder (D:4)
  An ice beast (D:6)
  A sky beast (D:5)
  2 phantoms
  An ogre (D:6)
  2 centaurs (D:6)
  4 bullfrogs (D:6)
  A wyvern skeleton (D:6)
  4 scorpions
  2 howler monkeys (D:6)
  A centaur zombie (D:5)
  A crimson imp (D:5)
  3 orc priests
  A centaur skeleton (D:4)
  An iguana (D:5)
  An orc wizard (D:3)
  5 worker ants
  A hound zombie (D:6)
  3 adders
  9 gnolls
  2 oozes
  4 worms
  2 dart slugs
  4 leopard geckos
  20 orcs
  A bat (D:3)
  4 giant cockroaches
  8 hobgoblins
  10 kobolds
  3 quokkas
  A ball python (D:5)
  2 frilled lizards (D:2)
  6 goblins
  5 rats
  A bush (D:6)
118 creatures vanquished.

Vanquished Creatures (others)
  2 withered plants (D:6)
2 creatures vanquished.

Grand Total: 120 creatures vanquished

Notes
Turn   | Place    | Note
-------+----------+-------------------------------------------
     0 | D:1      | rebmob the Hill Orc Fighter began the quest for the Orb.
     0 | D:1      | Reached XP level 1. HP: 19/19 MP: 1/1
   146 | D:1      | Reached XP level 2. HP: 27/27 MP: 2/2
   673 | D:2      | Found a faded altar of an unknown god.
   778 | D:2      | Reached XP level 3. HP: 20/33 MP: 3/3
  1171 | D:2      | Found a hide-covered altar of Uskayaw.
  1840 | D:3      | Reached XP level 4. HP: 34/41 MP: 4/4
  2068 | D:3      | Reached XP level 5. HP: 37/47 MP: 5/5
  2202 | D:3      | Reached skill level 5 in Fighting
  2462 | D:3      | Reached skill level 5 in Axes
  2625 | D:4      | Noticed a phantom
  2669 | D:3      | Killed a phantom
  2669 | D:3      | Reached XP level 6. HP: 35/56 MP: 6/6
  2862 | D:4      | Noticed a phantom
  2884 | D:4      | Killed a phantom
  2884 | D:4      | Reached XP level 7. HP: 39/63 MP: 7/7
  3221 | D:4      | Found Peesm's Distillery.
  3426 | D:4      | Bought a potion of haste for 120 gold pieces
  3426 | D:4      | Bought a potion of curing for 36 gold pieces
  3683 | D:4      | Noticed Grinder
  3692 | D:4      | Paralysed by Grinder for 2 turns
  3698 | D:4      | Paralysed by Grinder for 4 turns
  4000 | D:4      | Killed Grinder
  4000 | D:4      | Reached skill level 5 in Armour
  4000 | D:4      | Reached skill level 5 in Shields
  4000 | D:4      | Reached XP level 8. HP: 23/73 MP: 8/8
  4377 | D:5      | Entered Level 5 of the Dungeon
  4411 | D:5      | Got a slimy leather armour
  4427 | D:5      | Identified the +1 leather armour of Melancholy {rElec rF+
                  | Slay-4} (You found it on level 5 of the Dungeon)
  4787 | D:5      | Found a shimmering altar of Xom.
  4860 | D:5      | Found a blossoming altar of Fedhas.
  5421 | D:6      | Found a blossoming altar of Fedhas.
  5448 | D:6      | Reached XP level 9. HP: 82/82 MP: 9/9
  5576 | D:6      | Found a runed door.
  5576 | D:6      | Noticed Pray4Patrick's ghost (novice TrFi)
  5657 | D:6      | Found a bloodstained altar of Trog.
  5697 | D:6      | Found a staircase to the Ecumenical Temple.
  5702 | Temple   | Entered the Ecumenical Temple
  5707 | Temple   | Became a worshipper of Warmaster Okawaru
  6139 | D:6      | Slain by Pray4Patrick's ghost

Skill      XL: |  1  2  3  4  5  6  7  8  9 |
---------------+----------------------------+-----
Axes           | 3 4 5 7 8 9 |  9.2
Fighting       | 4 5 6 7 8 9 |  9.0
Armour         | 4 5 6 |  6.1
Shields        | 4 5 6 |  6.1

Action                   |  1- 3 |  4- 6 |  7- 9 || total
-------------------------+-------+-------+-------++-------
Melee: War axe           |   121 |   159 |   236 ||   516
  Use: Scroll            |     1 |       |     1 ||     2
       Potion            |       |       |     3 ||     3
  Eat: Chunk             |     2 |     5 |     6 ||    13
       Ration            |       |       |     2 ||     2
Armor: Scale mail        |    44 |    41 |    54 ||   139
       Ring mail         |     9 |       |       ||     9
Dodge: Dodged            |    37 |    46 |    58 ||   141
Block: Shield            |    47 |    71 |    88 ||   206
